 Dungeon Crawl Stone Soup version 0.17-a0-1646-geb1493d (webtiles) character file.

109 matakusis the Chopper (level 4, -3/34 HPs)
             Began as a Demonspawn Gladiator on Aug 10, 2015.
             Slain by a worm (7 damage)
             ... on level 2 of the Dungeon.
             The game lasted 00:07:00 (2275 turns).

matakusis the Chopper (Demonspawn Gladiator)        Turns: 2275, Time: 00:07:00

Health: -3/34      AC:  4    Str: 16    XL:     4   Next: 59%
Magic:  4/4        EV: 13    Int: 10    God:
Gold:   126        SH:  0    Dex: 13    Spells: 0 memorised, 3 levels left

rFire  . . .     SeeInvis .     h - +0 dagger
rCold  . . .     Clarity  .     n - +0 leather armour (curse)
rNeg   . . .     SustAt   .     (no shield)
rPois  .         Gourm    .     c - +0 helmet
rElec  .         Spirit   .     (no cloak)
rCorr  .         Warding  .     (no gloves)
rMut   .         Rnd*Tele +     (no boots)
MR     .....                    (no amulet)
Stlth  +++.......               (no ring)
                                g - ring of teleportation (curse)

@: not resistant to hostile enchantments, fairly stealthy
A: nightstalker 2, rot immunity
a: Evoke Teleportation


You were on level 2 of the Dungeon.
You were not hungry.

You visited 1 branch of the dungeon, and saw 2 of its levels.

You collected 126 gold pieces.

Inventory:

Hand weapons
 a - a +0 war axe
 h - a +0 dagger (weapon)
Missiles
 d - 3 throwing nets (quivered)
Armour
 b - a +0 leather armour
 c - a +0 helmet (worn)
 n - a cursed +0 leather armour (worn)
Jewellery
 g - a cursed ring of teleportation (left hand)
Scrolls
 l - a scroll of remove curse {unknown}
Potions
 i - a potion of lignification
 j - a potion of degeneration {unknown}
Miscellaneous
 k - a plain deck of wonders {Focus}
Comestibles
 e - a bread ration
 f - 3 beef jerkies
 m - 2 chunks of flesh


   Skills:
 + Level 2.7 Fighting
 + Level 3.4 Axes
 + Level 1.9 Throwing
 + Level 1.1 Armour
 + Level 3.3 Dodging
 + Level 1.3 Stealth


You had 3 spell levels left.
You didn't know any spells.

Dungeon Overview and Level Annotations

Branches:
Dungeon (2/15)

Altars:
Nemelex Xobeh


Innate Abilities, Weirdness & Mutations

You are significantly more attuned to the shadows.
You are immune to rotting.


Message History

The worm bites you.
* * * LOW HITPOINT WARNING * * *
You barely miss the worm.
The worm is severely wounded.
The worm misses you.
You hit the worm.
The worm is severely wounded.
You hit the worm but do no damage.
The worm is severely wounded.
The worm bites you.
* * * LOW HITPOINT WARNING * * *
You hit the worm but do no damage.
The worm is severely wounded.
You hit the worm.
The worm is severely wounded.
The worm closely misses you.
You hit the worm but do no damage.
The worm is severely wounded.
The worm bites you!
You die...

#####.# ### #.## .>##.#
..# #.#. #.##.##### #.#
#..# #.#......# #.# #.##
#...###''####(###.###..#
#.#.#≈≈..§≈##..>......#.
#...#≈#.##≈######.######
#####≈#8.§§# #...# #
#≈.@8#≈# #...# #
#≈##w#≈# #...# #
#§≈..≈≈# ##.## #
###''### #.# ......# #†#
......# ...##.#####
......+ ............
......# #....#####.#
.....## ##.#. #.#


You could see a worm.

Vanquished Creatures
  Jessica (D:2)
  3 adders (D:2)
  2 worms (D:2)
  2 giant geckos (D:1)
  3 ball pythons
  5 bats
  3 giant cockroaches (D:1)
  4 goblins
  4 hobgoblins (D:1)
  9 kobolds
  A quokka (D:2)
  3 jackals (D:1)
  6 rats
46 creatures vanquished.

Notes
Turn   | Place    | Note
--------------------------------------------------------------
     0 | D:1      | matakusis the Demonspawn Gladiator began the quest for the Orb.
     0 | D:1      | Reached XP level 1. HP: 16/16 MP: 1/1
    73 | D:1      | Reached skill level 3 in Dodging
    76 | D:1      | Gained mutation: You are slightly more attuned to the shadows. [demonic ancestry]
    76 | D:1      | Reached XP level 2. HP: 11/22 MP: 2/2
   470 | D:1      | Found a sparkling altar of Nemelex Xobeh.
   477 | D:1      | Gained mutation: You are immune to rotting. [demonic ancestry]
   477 | D:1      | Reached XP level 3. HP: 28/28 MP: 3/3
  1255 | D:2      | Noticed Jessica
  1260 | D:2      | Killed Jessica
  1260 | D:2      | Gained mutation: You are significantly more attuned to the shadows. [demonic ancestry]
  1260 | D:2      | Reached XP level 4. HP: 6/34 MP: 4/4
  1584 | D:2      | Reached skill level 1 in Armour
  1584 | D:2      | Reached skill level 1 in Stealth
  2275 | D:2      | Slain by a worm

Vault maps used:
D:1:      scummos_arrival_star, serial_forest, infiniplex_forest_clump_cross,
          infiniplex_forest_clump_double, infiniplex_forest_clump_medium,
          infiniplex_forest_clump_tiny, infiniplex_forest_3_way,
          infiniplex_forest_end_double, minmay_misc_feat_ornament,
          serial_bayou_ford_a, nemelex_deck
D:2:      kennysheep_generic_room_12, uniq_jessica

Action                   |  1- 3 |  4- 6 || total
-------------------------+-------+-------++-------
Melee: War axe           |    83 |     4 ||    87
       Dagger            |       |   102 ||   102
  Use: Scroll            |     2 |       ||     2
 Stab: Sleeping          |     6 |     5 ||    11
       Distracted        |     1 |       ||     1
  Eat: Bread ration      |       |     1 ||     1
